[Event "Goteborg Open 2018"]
[Site "Molnlycke kulturhus, Biblioteksgatan 2, Molnlycke, Sweden"]
[Date "2018.08.19"]
[Round "7.9"]
[White "Al Waeli, Laith"]
[Black "Berg, Roy"]
[Result "1-0"]
[TimeControl "15 minutes + 5 seconds per move from move one (Round 1 - 4) / 90 minutes + 30 seconds per move from move one (Round 5 - 8)"]
[WhiteTitle "FM"]
[WhiteFideId "4801059"]
[BlackFideId "1711458"]
[WhiteElo "2084"]
[BlackElo "1957"]

1. d4 d5 2. c4 c6 3. Nf3 Nf6 4. e3 Bg4 5. Qb3 Qb6 6. Nc3 e6 7. Nh4 Be7 8. h3 Bh5 9. g4 Bg6 10.
Nxg6 hxg6 11. Bg2 Na6 12. Bd2 Qxb3 13. axb3 Nc7 14. O-O a6 15. g5 Nd7 16. e4 dxe4 17. Nxe4 O-O 18. Bf4 Ne8 19.
h4 Rd8 20. Rfd1 Nb6 21. Nc5 Bxc5 22. dxc5 Nd7 23. Rd2 f5 24. Rad1 Rf7 25. b4 Re7 26. Be5 Kf7 27. b3 Nef6 28.
gxf6 gxf6 29. Bc7 1-0

[Event "Goteborg Open 2018"]
[Site "Molnlycke kulturhus, Biblioteksgatan 2, Molnlycke, Sweden"]
[Date "2018.08.19"]
[Round "7.10"]
[White "Wellevit, Tomas"]
[Black "Strom-Engdahl, Alexander"]
[Result "1/2-1/2"]
[TimeControl "15 minutes + 5 seconds per move from move one (Round 1 - 4) / 90 minutes + 30 seconds per move from move one (Round 5 - 8)"]
[WhiteFideId "1731963"]
[BlackFideId "1741586"]
[WhiteElo "1905"]
[BlackElo "1747"]

1. e4 e5 2. Nf3 Nf6 3. Bc4 Nxe4 4. Nc3 Nf6 5. Nxe5 d5 6. Bb3 c6 7. d4 Bd6 8. Bg5 O-O 9. O-O Re8 10.
f4 Nbd7 11. Kh1 Qc7 12. Qf3 h6 13. Bh4 b5 14. Rae1 Ba6 15. Rg1 b4 16. Ne2 Ne4 17. Ng3 Nxg3+ 18. Qxg3 Nxe5 19. fxe5 Be7 20.
Re3 g5 21. e6 Qxg3 22. Bxg3 Bf6 23. exf7+ Kxf7 24. Rf3 Kg7 25. c3 Re6 26. Rc1 Rae8 27. h3 Be2 28. Rf2 bxc3 29. bxc3 Re3 30. Bd6 Bb5 31. Rb2 Be7 32.
Bxe7 R8xe7 33. Bxd5 Re1+ 34. Rxe1 Rxe1+ 35. Kh2 Rc1 36. Rb3 cxd5 37. Rxb5 Rxc3 38. a4 Rc4 39. a5 Rxd4 40. Rb7+ Kg6 41.
Rxa7 Ra4 42. g4 d4 43. Ra6+ Kg7 44. Kg2 d3 45. Kf3 d2 46. Ke2 Ra2 47. Ra8 Kf7 48. a6 Kg6 49. a7 Kg7 50.
Kd1 Kh7 1/2-1/2

[Event "Goteborg Open 2018"]
[Site "Molnlycke kulturhus, Biblioteksgatan 2, Molnlycke, Sweden"]
[Date "2018.08.19"]
[Round "8.3"]
[White "Vypkhaniuk, Ihor"]
[Black "Nyberg, Ulf"]
[Result "1-0"]
[TimeControl "15 minutes + 5 seconds per move from move one (Round 1 - 4) / 90 minutes + 30 seconds per move from move one (Round 5 - 8)"]
[WhiteTitle "FM"]
[WhiteFideId "14112256"]
[BlackFideId "1705083"]
[WhiteElo "2357"]
[BlackElo "2084"]

1. Nf3 d6 2. d4 g6 3. e4 Nf6 4. Nc3 Bg7 5. Be2 O-O 6. O-O c5 7. d5 Bg4 8. Bg5 Bxf3 9. Bxf3 Nbd7 10.
a4 Ne8 11. Qd2 Nc7 12. Bh6 a6 13. Be2 Rb8 14. a5 b5 15. axb6 Rxb6 16. Bxg7 Kxg7 17. Ra2 Re8 18. Rfa1 Qb8 19.
Nd1 Nf6 20. f3 Qb7 21. c3 e6 22. dxe6 fxe6 23. Ne3 d5 24. e5 Ng8 25. h4 Rf8 26. Ng4 c4 27. Kh2 Rf5 28. Rf1 Qb8 29.
f4 Qd8 30. Kh3 Rf7 31. Bxc4 Rd7 32. Bd3 d4 33. c4 Ne8 34. b4 Rdb7 35. Rb1 Ne7 36. c5 Rb5 37. Rxa6 Nf5 38. Bxf5 gxf5 39.
Nh2 Rxc5 40. bxc5 Rxb1 41. Rxe6 Rb3+ 42. Nf3 Qd7 43. Rb6 Rc3 44. Rb4 1-0

[Event "Goteborg Open 2018"]
[Site "Molnlycke kulturhus, Biblioteksgatan 2, Molnlycke, Sweden"]
[Date "2018.08.19"]
[Round "8.4"]
[White "Lundstrom, Mattias"]
[Black "Al Waeli, Laith"]
[Result "1-0"]
[TimeControl "15 minutes + 5 seconds per move from move one (Round 1 - 4) / 90 minutes + 30 seconds per move from move one (Round 5 - 8)"]
[BlackTitle "FM"]
[WhiteFideId "1703536"]
[BlackFideId "4801059"]
[WhiteElo "2163"]
[BlackElo "2084"]

1. e4 e6 2. d4 d5 3. Nd2 c5 4. exd5 exd5 5. Ngf3 a6 6. dxc5 Bxc5 7. h3 Nf6 8. Nb3 Bb6 9. Bd3 O-O 10.
O-O Nc6 11. c3 Ne4 12. Bf4 Qf6 13. Bh2 Re8 14. Bc2 Bf5 15. Nbd4 Nxd4 16. Nxd4 Bd7 17. f3 Nd6 18. Kh1 Nc4 19.
Rf2 Rac8 20. Bb3 Qh4 21. Re2 Rxe2 22. Nxe2 Ne3 23. Qe1 Nxg2 24. Qxh4 Nxh4 25. Bxd5 Re8 26. Ng1 Bc6 27. Bxc6 bxc6 28.
Bg3 Nf5 29. Bf4 h6 30. Rd1 g5 31. Bc1 Nh4 32. f4 f6 33. fxg5 hxg5 34. b3 Kf7 35. c4 Kg6 36. Bb2 Bc7 37.
Bc3 Re3 38. Be1 Re4 39. Bxh4 Rxh4 40. Kg2 Re4 41. Rd7 Bb6 42. Rd2 Bxg1 43. Kxg1 a5 44. Kf2 a4 45. Rd6 axb3 46. axb3 c5 47.
Kf3 Rf4+ 48. Kg3 Kf5 49. Rd5+ Ke4 50. Rxc5 Rf3+ 51. Kg2 Rxb3 52. Rc8 f5 53. c5 Rb2+ 54. Kg1 Rc2 55. c6 Kf3 56.
c7 Rc1+ 57. Kh2 Rc2+ 58. Kg1 Kg3 59. Kf1 f4 60. Rg8 Rxc7 61. Rxg5+ Kf3 62. Kg1 Rc1+ 63. Kh2 Rc2+ 64. Kg1 Rc1+ 65.
Kh2 Kf2 66. Rg8 f3 67. Re8 Re1 68. Ra8 Re2 69. Ra1 Re1 70. Ra2+ Re2 71. Ra1 Re1 72. Ra2+ Kf1 73. Kg3 Re3 74.
Rf2+ Kg1 75. Rxf3 Re2 76. h4 Rg2+ 77. Kh3 Rh2+ 78. Kg4 Kg2 79. Rf6 1-0

[Event "Goteborg Open 2018"]
[Site "Molnlycke kulturhus, Biblioteksgatan 2, Molnlycke, Sweden"]
[Date "2018.08.19"]
[Round "8.5"]
[White "Maddens, Martijn"]
[Black "Nilsson, Eskil"]
[Result "1-0"]
[TimeControl "15 minutes + 5 seconds per move from move one (Round 1 - 4) / 90 minutes + 30 seconds per move from move one (Round 5 - 8)"]
[WhiteTitle "CM"]
[WhiteFideId "206962"]
[BlackFideId "1716220"]
[WhiteElo "2141"]
[BlackElo "1928"]

1. e4 c5 2. c3 Nf6 3. e5 Nd5 4. d4 cxd4 5. cxd4 d6 6. Nf3 Nc6 7. Bc4 Nb6 8. Bb3 dxe5 9. d5 Na5 10.
Nc3 Nxb3 11. Qxb3 g6 12. Nxe5 Bg7 13. Bf4 O-O 14. O-O e6 15. d6 Qxd6 16. Rfe1 Qe7 17. Rad1 Rd8 18. a4 Nd5 19.
Nxd5 Rxd5 20. Nxg6 hxg6 21. Qxd5 Bxb2 22. Qf3 f6 23. Bd6 Qg7 24. Re2 f5 25. Rc2 Qf6 26. Rc7 e5 27. Qh3 1-0

[Event "Goteborg Open 2018"]
[Site "Molnlycke kulturhus, Biblioteksgatan 2, Molnlycke, Sweden"]
[Date "2018.08.19"]
[Round "8.6"]
[White "Eriksson, Kristian"]
[Black "Bengtsson, Tage"]
[Result "1/2-1/2"]
[TimeControl "15 minutes + 5 seconds per move from move one (Round 1 - 4) / 90 minutes + 30 seconds per move from move one (Round 5 - 8)"]
[WhiteFideId "1705172"]
[BlackFideId "1713850"]
[WhiteElo "2097"]
[BlackElo "2001"]

1. e4 c5 2. Nc3 Nc6 3. f4 e6 4. Nf3 d5 5. Bb5 dxe4 6. Nxe4 Nf6 7. Bxc6+ bxc6 8. Qe2 Nxe4 9. Qxe4 Qd5 10.
d3 Qxe4+ 1/2-1/2

[Event "Goteborg Open 2018"]
[Site "Molnlycke kulturhus, Biblioteksgatan 2, Molnlycke, Sweden"]
[Date "2018.08.19"]
[Round "8.7"]
[White "Rasti, Arvin"]
[Black "Bengtsson, Jessica"]
[Result "1/2-1/2"]
[TimeControl "15 minutes + 5 seconds per move from move one (Round 1 - 4) / 90 minutes + 30 seconds per move from move one (Round 5 - 8)"]
[WhiteFideId "1741160"]
[BlackFideId "1711083"]
[WhiteElo "2091"]
[BlackElo "1978"]

1. d4 d5 2. Bf4 c5 3. e3 Nc6 4. Nf3 Nf6 5. Nbd2 cxd4 6. exd4 Qb6 7. Nb3 Bg4 8. Bd3 Nb4 9. O-O Nxd3 10.
Qxd3 e6 11. a4 Bf5 12. Qe2 Be7 13. Ne5 a6 14. a5 Qb4 15. Rfc1 Rc8 16. Bd2 Qb5 17. Qxb5+ axb5 18. Nd3 Ne4 19.
Bb4 Bxb4 20. Nxb4 Ra8 21. f3 Nd6 22. Nc5 Ke7 23. Re1 Kd8 24. b3 Kc7 25. Ra2 Ra7 26. Rea1 Rha8 27. Ncd3 Bxd3 28.
Nxd3 Nf5 29. c3 Ne7 30.
Nb4 Nc6 31. Nxc6 Kxc6 32. b4 Kd6 33. Kf2 Ra6 34. Ke3 Rc8 35. Kd3 Rac6 36. Ra3 Kd7 37. h4 Ke7 38. g4 Kf6 39. f4 g6 40.
Re1 Rg8 41. Re5 h6 42. Ra2 Rgc8 43. Ra3 Rg8 44. Kd2 Ke7 45. Ke2 f6 46. Re3 f5 47. Kf3 fxg4+ 48. Kxg4 Kf6 49. Ra2 h5+ 50. Kf3 Rgc8 51. Rc2 Rc4 52.
Kg3 Rxd4 53. Rce2 Re4 54. Rxe4 dxe4 55. Rxe4 Rxc3+ 56. Kf2 Rd3 57. Ke2 Rd5 58. Kf3 Kf5 59. Re3 e5 60. fxe5 Rxe5 61. Rc3 Kf6 62. Rc7 Re7 63.
Rc5 Re5 64. Kf4 Rf5+ 65. Ke4 Ke6 66. Rc7 Re5+ 67. Kd4 Rd5+ 68. Ke4 Re5+ 69. Kd4 Rd5+ 70. Ke4 Re5+ 1/2-1/2

[Event "Goteborg Open 2018"]
[Site "Molnlycke kulturhus, Biblioteksgatan 2, Molnlycke, Sweden"]
[Date "2018.08.19"]
[Round "8.8"]
[White "Johansson, Roy"]
[Black "Kardell, Mathias"]
[Result "0-1"]
[TimeControl "15 minutes + 5 seconds per move from move one (Round 1 - 4) / 90 minutes + 30 seconds per move from move one (Round 5 - 8)"]
[WhiteFideId "1745972"]
[BlackFideId "1710109"]
[WhiteElo "1889"]
[BlackElo "2084"]

1. d4 d5 2. Bf4 c6 3. e3 Bf5 4. c4 e6 5. Qb3 Qb6 6. c5 Qxb3 7. axb3 Nd7 8. b4 Bxb1 9. Rxb1 a6 10.
Nf3 Ngf6 11. h3 g6 12. Bd3 Bg7 13. Nd2 O-O 14. Nb3 Rfe8 15. O-O e5 16. Bh2 exd4 17. exd4 Ne4 18. Rfe1 f5 19.
Rbd1 Kf7 20. Bf1 Nf8 21. Na5 Ne6 22. f3 Bxd4+ 23. Rxd4 Nxd4 24. fxe4 Rxe4 25. Rxe4 fxe4 26. Nxb7 e3 27.
Bd3 Ke6 28. Kf1 Rf8+ 29. Ke1 Rf2 30. Bg1 Rd2 31. Bb1 Rxb2 32. Bd3 Rb3 33. Bxe3 Rxd3 34. Bd2 Rb3 35. Kf2 Rb2 36. Ke3 Nc2+ 37.
Kf4 Nxb4 38. Bc3 Nd3+ 0-1

[Event "Goteborg Open 2018"]
[Site "Molnlycke kulturhus, Biblioteksgatan 2, Molnlycke, Sweden"]
[Date "2018.08.19"]
[Round "8.9"]
[White "Strom-Engdahl, Alexander"]
[Black "Olsson, William"]
[Result "1/2-1/2"]
[TimeControl "15 minutes + 5 seconds per move from move one (Round 1 - 4) / 90 minutes + 30 seconds per move from move one (Round 5 - 8)"]
[WhiteFideId "1741586"]
[BlackFideId "1741721"]
[WhiteElo "1747"]
[BlackElo "1931"]

1. c4 c5 2. g3 g6 3. Nc3 Bg7 4. Bg2 Nc6 5. d3 e5 6. e3 Nge7 7. Nge2 O-O 8. O-O f5 9. Nd5 d6 10.
Rb1 a5 11. a3 Be6 12. Bd2 Rb8 13. Nec3 b6 14. b4 axb4 15. axb4 cxb4 16. Nxb4 Nxb4 17. Rxb4 d5 18. cxd5 Nxd5 19.
Nxd5 Bxd5 20. e4 Be6 21. Qe2 Qd6 22. Rfb1 Rfd8 23. Be3 Qxd3 24. Qxd3 Rxd3 25. Rxb6 Rxb6 26. Bxb6 Kf7 27. Be3 Bf8 28.
Rb7+ Rd7 29. Rxd7+ Bxd7 30. f4 Bh6 31. Kf2 Ke6 32. exf5+ gxf5 33. fxe5 Bxe3+ 34. Kxe3 Kxe5 35. Bf3 Bb5 36.
Bg2 Bc4 37. Bf3 Bf1 38. Bd1 Bg2 39. Be2 Bh3 40. Bd1 Bg4 41. Bc2 Bh5 42. Bb3 1/2-1/2

[Event "Goteborg Open 2018"]
[Site "Molnlycke kulturhus, Biblioteksgatan 2, Molnlycke, Sweden"]
[Date "2018.08.19"]
[Round "8.10"]
[White "Westerlund, Ola"]
[Black "Wellevit, Tomas"]
[Result "1-0"]
[TimeControl "15 minutes + 5 seconds per move from move one (Round 1 - 4) / 90 minutes + 30 seconds per move from move one (Round 5 - 8)"]
[WhiteFideId "1712101"]
[BlackFideId "1731963"]
[WhiteElo "1923"]
[BlackElo "1905"]

1. d4 d5 2. c4 e5 3.
dxe5 d4 4. Nf3 Nc6 5. Nbd2 Bg4 6. h3 Bh5 7. a3 Qe7 8.
b4 O-O-O 9. Bb2 Nxe5 10. Nxe5 Qxe5 11. Qa4 Kb8 12. g4 Bg6 13. Bg2 Bd3 14. O-O Bg6 15. Nf3 Qf4 16. Bxd4 b6 17.
Be5 Qe4 18. Nd4 1-0